Description

Mass gateway low gas style from Hero, as per Harstem's guide on youtube. This is an upload of his replay vs AI.

VOD

https://www.youtube.com/watch?v=DBQF6tBmsKY

Replay - 2022-05-10 - (P)TheCowboy VS (Z)A.I. 1 (Very Easy)

Build Order

Get SALT Encoding   

  12  0:00  Probe  
  13  0:12  Probe  
  14  0:19  Pylon  
  14  0:25  Probe  
  15  0:37  Probe (Chrono Boost)  
  15  0:39  Gateway  
  16  0:46  Probe (Chrono Boost)  
  16  0:47  Assimilator  
  17  0:51  Probe (Chrono Boost)  
  18  1:04  Probe  
  19  1:16  Probe  
  20  1:25  Nexus  
  20  1:34  Cybernetics Core  
  20  1:37  Probe  
  21  1:44  Assimilator  
  21  1:49  Probe  
  22  1:54  Pylon  
  23  2:12  Adept  
  26  2:22  Stargate  
  28  2:33  Warp Gate  
  28  2:42  Adept  
  34  2:52  Pylon  
  36  3:02  Oracle (Chrono Boost)  
  43  3:21  Gateway  
  43  3:31  Oracle (Chrono Boost)  
  48  3:41  Pylon  
  49  3:46  Nexus  
  52  3:58  Assimilator  
  52  3:59  Oracle  
  57  4:10  Pylon  
  57  4:16  Twilight Council  
  58  4:19  Forge  
  59  4:26  Gateway x2  
  60  4:38  Protoss Ground Weapons Level 1 (Chrono Boost)  
  61  4:43  Gateway  
  61  4:44  Blink (Chrono Boost)  
  62  4:48  Shield Battery  
  63  4:59  Gateway  
  65  5:05  Stalker x2  
  74  5:22  Nexus  
  75  5:30  Stalker  
  79  5:36  Stalker x2  
  79  5:42  Stalker  
  86  5:50  Stalker  
  86  5:52  Shield Battery  
  86  5:55  Stalker x2  
  95  6:05  Assimilator, Stalker  
  106  6:24  Charge (Chrono Boost)  
  109  6:35  Zealot x3  
  109  6:36  Protoss Ground Weapons Level 2 (Chrono Boost)  
  119  6:41  Zealot x2  
  124  6:47  Zealot  
  129  6:59  Gateway x3  
  129  7:04  Gateway  
  129  7:06  Zealot x3  
  136  7:09  Robotics Facility  
  136  7:12  Zealot  
  139  7:26  Photon Cannon  
  139  7:35  Templar Archives  
  152  7:55  Warp Prism (Chrono Boost)  
  171  8:10  Assimilator x2  
  174  8:15  Nexus  
  174  8:16  High Templar x3  
  181  8:22  Photon Cannon  
  181  8:26  High Templar  
  188  8:39  Photon Cannon x2  
  189  8:42  Shield Battery  
  189  8:46  High Templar  
  191  8:53  Assimilator  
Spawning Tool Build Advisor. Get it on Overwolf

Go to:

Details

  • Created by: janpol8
  • Published on: May 31, 2022
  • Modified on: May 31, 2022
  • Patch: 4.11.0
  • Difficulty: Medium
Show
View Real Time Build Order
Export as new Build Order

Comments (1)

On March 16, 2024, 3:34 p.m., Psilon  said:

Here is a slightly fixed version of the build. Unfortunately it seems that build is too long to be kept entirely within SALT, so I only kept as much as I could. The issues with SALT provided above: some pylons are missing, forge/TC timings are off (you can even see that build wants to start an upgrade on a forge within 19 seconds after you've staarted it, while it takes 32 seconds to build it. So some clear mistakes. Here is a version I practive myself: It has everything up to the moment you want to build your 4th.

%Fixed PvZ gatewayman|spawningtool.com|A brief description of this build and its goals.|~* 2 ;+ F 8, N 30!8 90!A 41!K 32!U ;3"+!S6"5 >8"@#:8"I!S>"S ;@#!!LG#4 8G#>!LL#I ;M#M 9P#Y 3P#Z!LU$* ;U$/ @V$2 7W$9 8W$9 8Y$J 8[$R#3[$R#9[$Z 8]%%!8]%%!8f%5 9g%= ;g%=!8

Create an account to comment!